 Dungeon Crawl Stone Soup version 0.31-a0-1540-g5a0b83f448 (webtiles) character file.

Game seed: 16326174642623421661

277 MisterAzrael the Sneak (level 6, 0/57 HPs)
             Began as an Octopode Shapeshifter on Jan 2, 2024.
             Succumbed to an adder's poison
             ... on level 5 of the Dungeon.
             The game lasted 00:06:00 (2614 turns).

MisterAzrael the Sneak (Octopode Shapeshifter)      Turns: 2614, Time: 00:06:00

Health: 0/57       AC:  1    Str: 15    XL:     6   Next: 25%
Magic:  6/6        EV: 13    Int: 13    God:
Gold:   170        SH:  5    Dex: 11    Spells: 5/5 levels left

rFire   . .          .
                       - Unarmed
rCold   . . .        (no shield)
rNeg    . . .        (helmet currently unavailable)
rPois   .            e - amulet of reflection
rElec   .            h - ring of wizardry
rCorr   .            (no ring)
SInv    .            (no ring)
Will    .....        (no ring) Stlth
                     (no ring)
HPRegen 0.29/turn    (no ring)
MPRegen 0.10/turn    (no ring)
                     (no ring)

%: reflection, wizardry (x1)
@: brilliant, berserking (expiring), lethally poisoned (0 -> -1), beast-form,
very quick
A: beast (slay +2), almost no armour, amphibious, 8 rings, camouflage 1,
gelatinous body 1, (nimble swimmer 1), tentacles
a: Begin Untransformation


You were on level 5 of the Dungeon.
You were a hulking beast.
You visited 1 branch of the dungeon, and saw 5 of its levels.

You collected 170 gold pieces.

Inventory:

Missiles
 g - 5 javelins
Jewellery
 e - an amulet of reflection (around mantle)
 h - a ring of wizardry (left tentacle)
Talismans
 b - a beast talisman
 c - a flux talisman
 i - a maw talisman
 k - a blade talisman
Scrolls
 d - a scroll of enchant armour {unknown}
 f - 5 scrolls of identify {unknown}
 j - 2 scrolls of torment {unknown}


   Skills:
 - Level 1.0 Fighting
 - Level 2.0 Dodging
 * Level 6.0 Stealth
 + Level 4.2 Unarmed Combat
 + Level 4.0 Shapeshifting


You had 5 spell levels left.
You didn't know any spells.
Your spell library contained the following spells:

 Spells                   Type           Power      Damage    Failure   Level
 Stone Arrow              Conj/Erth      0%         3d7       34%         3
 Lehudib's Crystal Spear  Conj/Erth      0%         10d2      100%        8
 Animate Armour           Summ/Erth      Unusable   N/A       N/A         4

Dungeon Overview and Level Annotations

Branches:
Dungeon (5/15)
 Temple: D:4-7

Altars:
Fedhas
Hepliaklqana
Vehumet
The Shining One

Shops:
D:4 [


Innate Abilities, Weirdness & Mutations

You are a hulking beast.
Your limbs bulge with bestial killing power. (Slay +2)
You cannot wear most types of armour.
You are amphibious.
You can wear up to eight rings at the same time.
Your skin changes colour to match your surroundings (Stealth+).
Your rubbery body absorbs attacks. (AC +1, EV +1)
((You are camouflaged when in or above water. (Stealth+)))
You have tentacles for arms and can constrict up to eight enemies at once.


Message History

You closely miss the adder. You grab the adder. You constrict the adder.
The adder bites you.
* * * LOW HITPOINT WARNING * * *
You are poisoned.
The adder poisons you!
You bludgeon the adder!
The adder is almost dead.
You constrict the adder.
You feel sick. The adder closely misses you.
You tentacle-slap the adder.
You kill the adder!
Your Unarmed Combat skill increases to level 4!
You bludgeon the black bear! You grab the black bear.
The black bear is heavily wounded.
You constrict the black bear, but do no damage.
You feel sick. The black bear bites you.
* * * LOW HITPOINT WARNING * * *
The black bear claws you.
* * * LOW HITPOINT WARNING * * *
You block the black bear's attack.
You bludgeon the black bear!
The black bear is severely wounded.
You constrict the black bear. You batter the black bear!!
You kill the black bear!
You feel sick.
Your Stealth skill increases to level 6!
Your Shapeshifting skill increases to level 4!
You have reached level 6!
You tentacle-slap the adder. Your grab misses the adder.
The adder is moderately wounded.
You feel sick. The adder bites you.
* * * LOW HITPOINT WARNING * * *
You are too berserk!
You are too berserk!
You tentacle-slap the adder. Your grab misses the adder.
The adder is almost dead.
You block the adder's attack.
You bludgeon the adder!
You kill the adder!
You die...

#########
#...h){>##########
#.####o......?...#
#.....$!....##
#.............
#...........#
#...........#
#...(.[.....#
##.########## #.#


You could see an orc.

Vanquished Creatures
  A black bear (D:5)
  3 orc wizards (D:4)
  4 adders
  A shadow imp (D:5)
  2 ribbon worms
  6 orcs
  7 ball pythons
  4 endoplasms
  2 giant cockroaches
  6 hobgoblins
  3 jackals (D:1)
  2 quokkas (D:1)
  4 bats
  3 frilled lizards
  6 goblins
  9 kobolds
  3 rats
66 creatures vanquished.

Notes
Turn   | Place    | Note
-------+----------+-------------------------------------------
     0 | D:1      | MisterAzrael the Octopode Shapeshifter began the quest for
                  | the Orb.
     0 | D:1      | Reached XP level 1. HP: 13/13 MP: 1/1
    40 | D:1      | Reached skill level 1 in Stealth
   208 | D:1      | Reached XP level 2. HP: 18/18 MP: 2/2
   332 | D:1      | Reached skill level 2 in Stealth
   693 | D:2      | Found a glowing golden altar of the Shining One.
   714 | D:2      | Reached XP level 3. HP: 23/23 MP: 3/3
   928 | D:2      | Reached skill level 3 in Stealth
  1127 | D:2      | Reached XP level 4. HP: 20/28 MP: 4/4
  1544 | D:3      | Found a radiant altar of Vehumet.
  1568 | D:3      | Found a blossoming altar of Fedhas.
  1615 | D:3      | Found a hazy altar of Hepliaklqana.
  2193 | D:4      | Reached skill level 4 in Stealth
  2197 | D:4      | HP: 1/28 [orc wizard/puff of flame (10)]
  2207 | D:4      | Reached XP level 5. HP: 28/33 MP: 5/5
  2211 | D:4      | Reached skill level 5 in Stealth
  2341 | D:4      | Noticed an ogre
  2381 | D:4      | Noticed an ogre
  2406 | D:5      | Entered Level 5 of the Dungeon
  2420 | D:4      | Noticed a black bear
  2519 | D:4      | Found Juntow's Armour Shoppe.
  2587 | D:5      | Noticed a black bear
  2611 | D:5      | Killed a black bear
  2612 | D:5      | Reached skill level 6 in Stealth
  2612 | D:5      | Reached XP level 6. HP: 5/38 MP: 6/6
  2612 | D:5      | HP: 1/57 [adder (3)]
  2614 | D:5      | Succumbed to an adder's poison

Illustrated notes

Levels and vault maps discovered:
D:1:      dpeg_arrival_rhombi, layout_rooms
D:2:      cheibrodos_old_hovel, layout_loops_ring, basic_altar
D:3:      layout_basic, lemuel_crystal_altar, mainiacjoe_overflow_boulevard,
          nicolae_vehumet_radiance, nrook_campfire, chequers_garden,
          minivault_27
D:4:      layout_basic, mainiacjoe_overflow_six_doors_small, serial_shops,
          nicolae_shop_gibbet_a_chance, chequers_serial_rivers_marsh
D:5:      layout_basic, minmay_temple_entry_hall

Skill      XL: |  1  2  3  4  5 |
---------------+----------------+-----
Stealth        | 1 2 3 4 6 |  6.0
Unarmed Combat | 4 |  4.2
Shapeshifting  | 4 |  4.0
Fighting       | |  1.0
Dodging        | |  2.0

Action                     |  1- 3 |  4- 6 || total
---------------------------+-------+-------++-------
  Melee: Unarmed           |    64 |    57 ||   121
         Constrict         |    15 |    12 ||    27
         Tentacles         |    11 |     8 ||    19
         Punch             |     4 |     1 ||     5
    Use: Potion            |       |     5 ||     5
   Stab: Sleeping          |     9 |     8 ||    17
 Armour: Skin              |    30 |    25 ||    55
  Dodge: Dodged            |    30 |    52 ||    82
  Block: Other             |     3 |     7 ||    10
         Reflection        |     1 |       ||     1

Table legend: (Time is in decaauts)
 A = Elapsed time spent in this place.
 B = Non-inter-level travel time spent in this place.
 C = Inter-level travel time spent in this place.
 D = Time resting spent in this place.
 E = Time spent auto-exploring this place.
 F = Levels seen in this place.
 G = Mean time per level.
                   A        B        C        D        E       F      G
               +--------+--------+--------+--------+--------+-----+--------+
         Total |   2602 |   2499 |    103 |    315 |   1601 |   5 |  520.4 |
       Dungeon |   2602 |   2499 |    103 |    315 |   1601 |   5 |  520.4 |
               +--------+--------+--------+--------+--------+-----+--------+

Top non-repeatable levels by time:
     D:3: 759 daAuts
     D:1: 689 daAuts
     D:2: 663 daAuts
     D:4: 454 daAuts
     D:5: 35 daAuts
